 Dungeon Crawl Stone Soup version 0.20-a0-1039-gf554463 (webtiles) character file.

595 Chaoticas the Skirmisher (level 7, -3/46 HPs)
             Began as a Gargoyle Berserker on Apr 22, 2017.
             Was a Priest of Trog.
             Slain by an ogre
             ... wielding a +0 giant club
              (14 damage)
             ... on level 4 of the Dungeon.
             The game lasted 00:08:03 (3147 turns).

Chaoticas the Skirmisher (Gargoyle Berserker)       Turns: 3147, Time: 00:08:04

Health: -3/46      AC:  9    Str: 22    XL:     7   Next: 40%
Magic:  7/7        EV: 12    Int: 11    God:    Trog [***...]
Gold:   263        SH:  0    Dex:  9    Spells: 6/6 levels left

rFire    . . .     SeeInvis .   a - +0 falchion
rCold    . . .     Gourm    .   (no shield)
rNeg     + . .     Faith    .   q - +0 leather armour
rPois    ∞         Spirit   .   (no helmet)
rElec    +         Reflect  .   m - +0 cloak
rCorr    .         Harm     .   (no gloves)
MR       .....                  (no boots)
Stlth    +.........             (no amulet)
Regen    0.2/turn               o - +3 ring of intelligence
MPRegen  0.1/turn               (no ring)

@: no status effects
A: negative energy resistance 1, electricity resistance, unbreathing,
petrification resistance, rot immunity, AC +4
a: Berserk, Trog's Hand, Burn Spellbooks, Renounce Religion


You were on level 4 of the Dungeon.
You worshipped Trog.
Trog was most pleased with you.
You were not hungry.

You visited 1 branch of the dungeon, and saw 4 of its levels.

You collected 263 gold pieces.

Inventory:

Hand Weapons
 a - a +0 falchion (weapon)
Missiles
 y - 16 stones (quivered)
Armour
 b - a +0 animal skin
 m - a +0 cloak (worn)
 q - a +0 leather armour (worn)
Jewellery
 f - an uncursed ring of fire
 o - a +3 ring of intelligence (left hand)
Wands
 n - a wand of enslavement (9/24)
 t - a wand of paralysis (10/24)
Scrolls
 g - 4 scrolls of fear {unknown}
 h - 7 scrolls of identify
 i - 2 scrolls of remove curse {unknown}
 j - a scroll of noise {unknown}
 k - a scroll of blinking {unknown}
 r - 2 scrolls of magic mapping {unknown}
 s - a scroll of enchant weapon {unknown}
 x - 2 scrolls of teleportation {unknown}
 A - a scroll of amnesia {unknown}
Potions
 d - 2 potions of heal wounds {unknown}
 e - a potion of curing {unknown}
 l - 2 potions of cancellation {unknown}
 u - 2 potions of agility {unknown}
 v - 2 potions of berserk rage {unknown}
Comestibles
 c - 4 bread rations
 p - 2 fruits
 w - 3 chunks of flesh
 z - a royal jelly


   Skills:
 * Level 6.2 Fighting
 * Level 4.7 Long Blades
 + Level 3.6 Armour
 + Level 3.0 Dodging


You had 6 spell levels left.
You didn't know any spells.

Dungeon Overview and Level Annotations

Branches:
Dungeon (4/15)
 Temple: D:4-7

Altars:
Ru


Innate Abilities, Weirdness & Mutations

You are resistant to torment.
Your stone body is resilient. (AC +4)
You are immune to poison.
You resist negative energy. (rN+)
You are resistant to electric shocks. (rElec)
You can survive without breathing.
You are immune to petrification.
You are immune to rotting.


Message History

You hit the adder but do no damage.
The adder is heavily wounded.
The adder bites you but does no damage. The adder bites you.
You hit the adder.
The adder is severely wounded.
The adder closely misses you.
You slash the adder!
You kill the adder!
Trog accepts your kill. The ogre hits you with a giant club!!
Ouch! That really hurt!
* * * LOW HITPOINT WARNING * * *
You slash the ogre!
The ogre is moderately wounded.
The ogre hits you with a giant club.
* * * LOW HITPOINT WARNING * * *
You hit the ogre.
The ogre is heavily wounded.
The ogre hits you with a giant club!
You die...

###.....# .. .......#
... #.....# ... #.....#
...##.....# ############
..........###..........#
..........##..).........
...#....>.#............$
................@....$..
.#####...........O......
.........#.....).......
####...†...............
##....................
#....................#
#...........#...###### .
#...........###..
#.##..>......##


You could see an ogre.

Vanquished Creatures
  The ghost of Chaoticas the Insei, a novice GnTm (D:4)
  An orc priest (D:4)
  2 orc wizards (D:4)
  3 worker ants (D:4)
  4 adders
  An ooze (D:3)
  3 worms
  3 dart slugs
  3 leopard geckos
  10 orcs
  3 ball pythons
  2 giant cockroaches
  8 goblins
  11 hobgoblins
  7 jackals
  2 quokkas
  9 bats
  A frilled lizard (D:4)
  7 kobolds
  A leopard gecko skeleton (D:4)
  7 rats
89 creatures vanquished.

Notes
Turn   | Place    | Note
-------+----------+-------------------------------------------
     0 | D:1      | Chaoticas the Gargoyle Berserker began the quest for the Orb.
     0 | D:1      | Reached XP level 1. HP: 14/14 MP: 1/1
    27 | D:1      | Reached XP level 2. HP: 13/19 MP: 2/2
   833 | D:1      | Reached skill level 4 in Fighting
   878 | D:2      | Reached XP level 3. HP: 22/24 MP: 3/3
  1011 | D:2      | Reached ** piety under Trog
  1103 | D:2      | Reached XP level 4. HP: 5/30 MP: 4/4
  2202 | D:3      | Reached *** piety under Trog
  2458 | D:4      | Reached XP level 5. HP: 34/34 MP: 5/5
  2480 | D:4      | Found a sacrificial altar of Ru.
  2636 | D:4      | Noticed Chaoticas's ghost (novice GnTm)
  2875 | D:4      | Reached skill level 5 in Fighting
  2881 | D:4      | Reached XP level 6. HP: 37/40 MP: 6/6
  3012 | D:4      | Killed Chaoticas's ghost
  3012 | D:4      | Reached XP level 7. HP: 44/45 MP: 7/7
  3112 | D:4      | Reached skill level 6 in Fighting
  3147 | D:4      | Slain by an ogre

Vault maps used:
D:1:      dpeg_arrival_arbitrary_b, hangedman_abyss_or_decor_lesser_grid,
          minmay_misc_feat_cross, minmay_octomino_c4
D:2:      cheibrodos_old_hovel, first_bread
D:3:      uniq_crazy_yiuf_cottage
D:4:      nicolae_ru_great_annihilating_truth

Skill      XL: |  1  2  3  4  5  6  7 |
---------------+----------------------+-----
Fighting       | 4 5 6 |  6.2
Long Blades    | 3 4 |  4.7
Dodging        | 2 3 |  3.0
Armour         | 3 |  3.6

Action                   |  1- 3 |  4- 6 |  7- 9 || total
-------------------------+-------+-------+-------++-------
Melee: Falchion          |    99 |   185 |    15 ||   299
Invok: Berserk           |       |     2 |       ||     2
  Use: Scroll            |     1 |     1 |       ||     2
 Stab: Paralysed         |       |     1 |       ||     1
  Eat: Chunk             |       |     5 |     2 ||     7
       Fruit             |       |     3 |       ||     3
Armor: Animal skin       |    51 |     2 |       ||    53
       Leather armour    |       |    82 |     4 ||    86
Dodge: Dodged            |    96 |   146 |     8 ||   250
       Rpst.: Falchion   |    29 |    51 |       ||    80
